 Dungeon Crawl Stone Soup version 0.21-a0-2-ge494091 (webtiles) character file.

406 nikopol the Skirmisher (level 6, -1/39 HPs)
             Began as a Gargoyle Berserker on May 21, 2017.
             Was a Priest of Trog.
             Slain by an orc
             ... wielding a +0 flail
              (5 damage)
             ... on level 4 of the Dungeon.
             The game lasted 00:06:38 (2784 turns).

nikopol the Skirmisher (Gargoyle Berserker)         Turns: 2784, Time: 00:06:39

Health: -1/39      AC: 16    Str: 21    XL:     6   Next: 87%
Magic:  6/6        EV:  9    Int:  8    God:    Trog [***...]
Gold:   243        SH:  0    Dex: 10    Spells: 5/5 levels left

rFire    . . .     SeeInvis .   a - +0 hand axe
rCold    . . .     Gourm    .   (no shield)
rNeg     + + .     Faith    .   o - +0 chain mail
rPois    ∞         Spirit   .   (no helmet)
rElec    +         Reflect  .   t - +0 cloak {+Inv}
rCorr    .         Harm     .   u - +0 pair of gloves (curse)
MR       ++...                  (no boots)
Stlth    ..........             (no amulet)
Regen    1.2/turn               d - ring of loudness (curse)
MPRegen  0.1/turn               h - ring of positive energy

@: regenerating, slowed, very slow
A: negative energy resistance 1, electricity resistance, unbreathing,
petrification resistance, rot immunity, AC +4
a: Berserk, Trog's Hand, Burn Spellbooks, Renounce Religion, Evoke Invisibility


You were on level 4 of the Dungeon.
You worshipped Trog.
Trog was most pleased with you.
You were very hungry.

You visited 1 branch of the dungeon, and saw 4 of its levels.

You collected 243 gold pieces.

Inventory:

Hand Weapons
 a - a +0 hand axe (weapon)
Missiles
 e - 56 arrows (quivered)
Armour
 b - a +0 animal skin
 o - a +0 chain mail (worn)
 t - a +0 cloak of invisibility (worn)
 u - a cursed +0 pair of gloves (worn)
 A - a cursed -1 ring mail
Jewellery
 d - a cursed ring of loudness (left hand)
 h - a ring of positive energy (right hand)
Scrolls
 l - 4 scrolls of identify {unknown}
 m - a scroll of enchant weapon {unknown}
 n - a scroll of enchant armour {unknown}
 p - a scroll of fog {unknown}
 r - 2 scrolls of recharging {unknown}
 w - 2 scrolls of teleportation {unknown}
 x - a scroll of magic mapping {unknown}
 y - a scroll of remove curse {unknown}
Potions
 g - 2 potions of heal wounds {unknown}
 i - a potion of might {unknown}
 j - 2 potions of curing {unknown}
 k - 3 potions of lignification {unknown}
 q - a potion of agility {unknown}
 v - a potion of degeneration {unknown}
 z - a potion of cancellation {unknown}
Comestibles
 c - 5 bread rations
 f - 3 chunks of flesh
 s - 3 meat rations


   Skills:
 + Level 4.6 Fighting
 + Level 4.3 Axes
 + Level 4.1 Armour
 + Level 3.2 Dodging


You had 5 spell levels left.
You didn't know any spells.

Dungeon Overview and Level Annotations

Branches:
Dungeon (4/15)             Temple (0/1) D:4

Altars:
Fedhas
Hepliaklqana
Trog
Xom


Innate Abilities, Weirdness & Mutations

You are resistant to torment.
Your stone body is resilient. (AC +4)
You are immune to poison.
You resist negative energy. (rN+)
You are resistant to electric shocks. (rElec)
You can survive without breathing.
You are immune to petrification.
You are immune to rotting.


Message History

You slash the orc!
You kill the orc!
Trog accepts your kill.
You are no longer berserk.
You are exhausted.
You feel as though you will be slow longer.
You hit the orc.
The orc is heavily wounded.
The orc closely misses you. The orc barely misses you.
You hit the orc but do no damage.
The orc is heavily wounded.
The orc misses you.
You hit the orc but do no damage.
The orc is heavily wounded.
The orc hits you but does no damage.
Your skin crawls.
You feel resistant to hostile enchantments.
You feel somewhat more hungry. The orc hits you but does no damage.
The orc hits you with a flail.
You die...

## ... ## #.# #.#
#?# #.## # #.#
#.#.##$ #.#
#.#.#..
.#†#o#.#.#
#.#@#.#.##
#.#.#.#.#
#.#.#.#.##
#.#.#.#.#.#
#.#.#.#.#.#####
#.#.#.#.#.#....#
..#.#.#.#.#.###.#
....###.##### #.#
.# . #.#


You could see an orc.

Vanquished Creatures
  A hound (D:4)
  2 orc wizards
  Crazy Yiuf (D:2)
  An orc priest (D:3)
  An iguana (D:4)
  Terence (D:2)
  2 worker ants (D:4)
  A hound skeleton (D:3)
  4 adders
  A shadow imp (D:3)
  2 worms (D:3)
  5 dart slugs
  3 leopard geckos
  5 orcs
  3 ball pythons
  3 giant cockroaches
  5 goblins
  8 hobgoblins
  8 jackals (D:3)
  A quokka (D:4)
  8 bats
  6 frilled lizards
  7 kobolds
  15 rats
94 creatures vanquished.

Notes
Turn   | Place    | Note
-------+----------+-------------------------------------------
     0 | D:1      | nikopol the Gargoyle Berserker began the quest for the Orb.
     0 | D:1      | Reached XP level 1. HP: 14/14 MP: 1/1
   130 | D:1      | Reached XP level 2. HP: 19/19 MP: 2/2
   400 | D:1      | Reached XP level 3. HP: 23/23 MP: 3/3
   539 | D:1      | Found a blossoming altar of Fedhas.
   804 | D:2      | Reached ** piety under Trog
   825 | D:2      | Noticed Terence
   837 | D:2      | Killed Terence
   837 | D:2      | Reached XP level 4. HP: 22/29 MP: 4/4
  1488 | D:2      | Noticed a moth of wrath
  1490 | D:2      | Found a bloodstained altar of Trog.
  1609 | D:2      | Found a runed door.
  1613 | D:2      | Noticed Crazy Yiuf
  1627 | D:2      | Killed Crazy Yiuf
  1627 | D:2      | Reached XP level 5. HP: 19/33 MP: 5/5
  2143 | D:3      | Reached XP level 6. HP: 38/38 MP: 6/6
  2232 | D:3      | Reached *** piety under Trog
  2447 | D:3      | Found a shimmering altar of Xom.
  2454 | D:3      | Found a hazy altar of Hepliaklqana.
  2455 | D:3      | Noticed a spectral ugly thing
  2720 | D:4      | Found a staircase to the Ecumenical Temple.
  2774 | D:4      | HP: 2/58 [orc wizard/dagger (1)]
  2775 | D:4      | Received a gift from Trog
  2784 | D:4      | Slain by an orc

Vault maps used:
D:1:      scummos_arrival_forest, minmay_hexomino_r4
D:2:      tgw_trog, first_bread, uniq_crazy_yiuf_cottage, uniq_terence
D:3:      regret_index_temple_of_mockery
D:4:      kennysheep_okawaru_gauntlet, minmay_temple_entry_grid, serial_shops,
          shop, minivault_23

Skill      XL: |  1  2  3  4  5  6 |
---------------+-------------------+-----
Axes           | 3 4 |  4.3
Dodging        | 2 3 |  3.2
Armour         | 3 4 |  4.1
Fighting       | 4 |  4.6

Action                   |  1- 3 |  4- 6 || total
-------------------------+-------+-------++-------
Melee: Hand axe          |    99 |   200 ||   299
Invok: Berserk           |     1 |     2 ||     3
       Burn Spellbooks   |       |     1 ||     1
       Trog's Hand       |       |     1 ||     1
  Eat: Chunk             |       |     8 ||     8
Armor: Animal skin       |    47 |       ||    47
       Chain mail        |       |   144 ||   144
Dodge: Dodged            |    78 |   101 ||   179
